[Event "Early-Titled-Tuesday-Blitz-June-18-2024"]
[Site "Chess.com"]
[Date "2024.06.18"]
[Round "6"]
[White "Shield12"]
[Black "rockstar0902"]
[Result "1-0"]
[WhiteElo "2886"]
[BlackElo "2614"]
[TimeControl "180+1"]
[EndTime "9:05:59 PDT"]
[Termination "Shield12 won by resignation"]

1. e4 e6 2. Nc3 d5 3. d4 Nf6 4.
Bg5 Be7 5. e5 Nfd7 6. h4 Nc6 7.
Bxe7 Qxe7 8. Nf3 Nb6 9. a3 Bd7 10. Ne2 Nc4 11. Qc1 a5 12. b3 Nb6 13. Nf4 a4 14. b4 Na7 15. Nh5 O-O-O 16. Qg5 Qxg5 17. Nxg5 Rdf8 18. Nxg7 h6 19. Nh3 Nb5 20. Bxb5 Bxb5 21. Nh5 Rhg8 22. N3f4 Nc4 23. Nf6 Rg7 24. g4 Kd8 25. f3 Ke7 26. Kf2 b6 27. Rhg1 c5 28. bxc5 bxc5 29. Rgb1 Ba6 30. c3 cxd4 31. cxd4 Rc8 32.
Rb4 Nb2 33. Rxb2 1-0

[Event "Early-Titled-Tuesday-Blitz-June-18-2024"]
[Site "Chess.com"]
[Date "2024.06.18"]
[Round "6"]
[White "Dolphin_2010"]
[Black "Bilan_Danila"]
[Result "1-0"]
[WhiteElo "2746"]
[BlackElo "2570"]
[TimeControl "180+1"]
[EndTime "9:06:07 PDT"]
[Termination "Dolphin_2010 won by resignation"]

1. d4 d5 2. c4 c6 3. Nc3 Nf6 4. cxd5 cxd5 5. Bg5 Nc6 6. Bxf6 gxf6 7. e3 e6 8. Nf3 Bd6 9. g3 Bd7 10. Be2 f5 11.
O-O Ne7 12. Rc1 Ng6 13. Qb3 Rc8 14. Qxb7 Rb8 15. Qxa7 Rxb2 16. Rb1 Rxb1 17. Rxb1 O-O 18. Bb5 Bc8 19. a4 Bc7 20. Ba6 Bd7 21. Bb5 Bb6 22. Qxd7 1-0

[Event "Early-Titled-Tuesday-Blitz-June-18-2024"]
[Site "Chess.com"]
[Date "2024.06.18"]
[Round "6"]
[White "Eliwood44"]
[Black "manitodeplomo"]
[Result "0-1"]
[WhiteElo "2480"]
[BlackElo "2652"]
[TimeControl "180+1"]
[EndTime "9:06:08 PDT"]
[Termination "manitodeplomo won by resignation"]

1. d4 d5 2. c4 c6 3. Nf3 dxc4 4. e4 b5 5. b3 cxb3 6. axb3 e6 7. Bd2 Nf6 8. Ba5 Qxa5+ 9. Rxa5 Bb4+ 10. Nbd2 Bxa5 11. Bd3 O-O 12. O-O h6 13. e5 Nd5 14. Ne4 Nd7 15. Qe2 Bb4 16. Ng3 Nf4 17. Qe4 Nxd3 18. Qxd3 Bb7 19. Ne4 Rfd8 20. Qe3 Bf8 21. Ne1 a5 22.
Nd3 a4 23. bxa4 bxa4 24. Rb1 a3 25. Ndc5 a2 26. Ra1 Nxc5 27. dxc5 Rd1+ 28. Rxd1 a1=Q 0-1

[Event "Early-Titled-Tuesday-Blitz-June-18-2024"]
[Site "Chess.com"]
[Date "2024.06.18"]
[Round "6"]
[White "CMButgood"]
[Black "yonaltimur"]
[Result "1-0"]
[WhiteElo "2019"]
[BlackElo "2310"]
[TimeControl "180+1"]
[EndTime "9:06:08 PDT"]
[Termination "CMButgood won by resignation"]

1. e4 c5 2. Nf3 d6 3. d4 cxd4 4. Nxd4 Nf6 5. Nc3 a6 6. Bg5 e6 7. f4 Nbd7 8. Qf3 Qc7 9. O-O-O b5 10. e5 Bb7 11. Qh3 dxe5 12. Nxe6 fxe6 13. Qxe6+ Be7 14.
Bxb5 axb5 15. Nxb5 Qc6 16. Nd6+ Kd8 17. fxe5 Rc8 18.
Nxb7+ Qxb7 19. exf6 gxf6 20. Rhe1 Re8 21. Bxf6 Rxc2+ 22.
Kxc2 Qxg2+ 23. Kc1 Bxf6 1-0

[Event "Early-Titled-Tuesday-Blitz-June-18-2024"]
[Site "Chess.com"]
[Date "2024.06.18"]
[Round "6"]
[White "GMAkobianSTL"]
[Black "DenLaz"]
[Result "1-0"]
[WhiteElo "2847"]
[BlackElo "3077"]
[TimeControl "180+1"]
[EndTime "9:06:09 PDT"]
[Termination "GMAkobianSTL won by resignation"]

1. d4 Nf6 2. c4 e6 3. Nf3 b6 4. a3 Bb7 5. Nc3 d5 6. Bg5 Be7 7. e3 O-O 8. cxd5 Nxd5 9. Bxe7 Qxe7 10. Nxd5 Bxd5 11. Rc1 c5 12. dxc5 bxc5 13. Bc4 Bb7 14. O-O Nd7 15. Qe2 Rab8 16. Rfd1 Bxf3 17. gxf3 Ne5 18. f4 Nxc4 19. Rxc4 h6 20. Rdc1 Qf6 21.
R1c2 Rfd8 22. Rxc5 Qg6+ 23. Kf1 Qe4 24. f3 Qg6 25. b4 Rd3 26. f5 Qh5 27. Qxd3 Qxf3+ 28. Kg1 1-0

[Event "Early-Titled-Tuesday-Blitz-June-18-2024"]
[Site "Chess.com"]
[Date "2024.06.18"]
[Round "6"]
[White "AlexanderKing"]
[Black "TheAlienParty"]
[Result "1-0"]
[WhiteElo "2530"]
[BlackElo "2334"]
[TimeControl "180+1"]
[EndTime "9:06:09 PDT"]
[Termination "AlexanderKing won by resignation"]

1. e4 e5 2. Nf3 Nc6 3. Bc4 Bc5 4. c3 Nf6 5. d3 O-O 6. O-O d5 7. exd5 Nxd5 8. Re1 Bg4 9. h3 Bh5 10. Nbd2 a6 11.
Ne4 Ba7 12. Ng3 Bxf3 13. Qxf3 Nb6 14. Bb3 Qd6 15. Nf5 Qf6 16. Nh6+ Kh8 17. Qxf6 gxf6 18. Ng4 Nd7 19. Bh6 Rfe8 20. Bxf7 Re7 21. Bb3 Nd8 22. Ne3 Nf7 23. Nf5 Ree8 24. Bxf7 Rg8 25. Bxg8 Rxg8 26.
g4 Rg6 27. Be3 b6 28. f3 c5 29. d4 cxd4 30. cxd4 e4 31. fxe4 h5 32. Kf2 hxg4 33.
hxg4 Rxg4 34. Rh1+ Kg8 35. Nh6+ 1-0

[Event "Early-Titled-Tuesday-Blitz-June-18-2024"]
[Site "Chess.com"]
[Date "2024.06.18"]
[Round "6"]
[White "Kgli1m"]
[Black "JunjiCol"]
[Result "0-1"]
[WhiteElo "2101"]
[BlackElo "2351"]
[TimeControl "180+1"]
[EndTime "9:06:20 PDT"]
[Termination "JunjiCol won by resignation"]

1. d4 d5 2. Bf4 c5 3. c3 Nc6 4. e3 Nf6 5. Nd2 Bf5 6. dxc5 e5 7. Bg5 Bxc5 8. Bb5 O-O 9. Ngf3 d4 10. cxd4 exd4 11.
e4 Re8 12. e5 Nxe5 13. O-O Re6 14. Re1 Qe7 15. Nb3 Nxf3+ 16. gxf3 Rxe1+ 17. Qxe1 Qxe1+ 18. Rxe1 Bb6 19. Re7 d3 20. Rxb7 Ne8 21. Be3 Nd6 22. Bc6 Nxb7 23. Bxb7 Re8 0-1

[Event "Early-Titled-Tuesday-Blitz-June-18-2024"]
[Site "Chess.com"]
[Date "2024.06.18"]
[Round "6"]
[White "Sargsyan_Shant"]
[Black "MagnusCarlsen"]
[Result "1-0"]
[WhiteElo "2983"]
[BlackElo "3172"]
[TimeControl "180+1"]
[EndTime "9:06:25 PDT"]
[Termination "Sargsyan_Shant won by resignation"]

1. c4 e5 2. g3 Nf6 3. Bg2 h6 4. Nc3 Bb4 5. e4 Nc6 6. Nge2 Bc5 7. d3 d6 8. O-O Bg4 9. h3 Bxe2 10.
Qxe2 a5 11. Kh2 Nd4 12. Qd1 c6 13. f4 h5 14. Be3 Qe7 15. Qd2 Ne6 16. Bxc5 dxc5 17.
fxe5 Nd7 18. Nd5 Qd8 19. Rf5 Nd4 20. Rg5 g6 21. Rf1 Ne6 22. Nf6+ Nxf6 23. Rxf6 Qe7 24.
h4 Nxg5 25. Qxg5 O-O-O 26. Rxc6+ 1-0

[Event "Early-Titled-Tuesday-Blitz-June-18-2024"]
[Site "Chess.com"]
[Date "2024.06.18"]
[Round "6"]
[White "NikolaGry"]
[Black "Roedor"]
[Result "0-1"]
[WhiteElo "2671"]
[BlackElo "2426"]
[TimeControl "180+1"]
[EndTime "9:06:28 PDT"]
[Termination "Roedor won on time"]

1. d4 Nf6 2. Bg5 d5 3. Nd2 c5 4. Bxf6 gxf6 5. c3 Nc6 6. Ngf3 cxd4 7. cxd4 Bg4 8. e3 e6 9. Qa4 Rc8 10. a3 Bd6 11. Bd3 f5 12. g3 O-O 13. h3 Bh5 14.
g4 fxg4 15. Bxh7+ Kxh7 16. hxg4 Kg7 17. gxh5 Rh8 18. Ke2 Kf8 19. Rag1 Qf6 20. Qb5 Rc7 21.
Qd3 Rh6 0-1

[Event "Early-Titled-Tuesday-Blitz-June-18-2024"]
[Site "Chess.com"]
[Date "2024.06.18"]
[Round "6"]
[White "RantomOpening"]
[Black "FXDon77"]
[Result "1-0"]
[WhiteElo "2626"]
[BlackElo "2866"]
[TimeControl "180+1"]
[EndTime "9:06:35 PDT"]
[Termination "RantomOpening won by resignation"]

1. c4 e5 2. Nc3 Bb4 3. Qc2 Nf6 4. Nf3 Nc6 5. e3 Bxc3 6. Qxc3 e4 7. Nd4 O-O 8. Nxc6 bxc6 9. b3 d5 10. Bb2 Bg4 11.
h3 Bh5 12. g4 Bg6 13. h4 d4 14. Qxd4 Qxd4 15. Bxd4 Nxg4 16. Rg1 h5 17. Be2 Bf5 18. O-O-O f6 19. f3 exf3 20. Bxf3 Nf2 21. Rdf1 Nd3+ 22.
Kd1 Rad8 23. Bxh5 c5 24. Bc3 Be4 25. Rxf6 Nf2+ 26. Ke2 1-0

[Event "Early-Titled-Tuesday-Blitz-June-18-2024"]
[Site "Chess.com"]
[Date "2024.06.18"]
[Round "6"]
[White "AmbartsumianTyhran2012"]
[Black "cochess777"]
[Result "0-1"]
[WhiteElo "2507"]
[BlackElo "2352"]
[TimeControl "180+1"]
[EndTime "9:06:35 PDT"]
[Termination "cochess777 won by resignation"]

1. e4 c5 2. Nf3 Nc6 3. d4 cxd4 4. Nxd4 g6 5. Nc3 Bg7 6. Be3 Nf6 7. Bc4 O-O 8. f3 Qb6 9. Bb3 Nxe4 10. Nd5 Qa5+ 11. Bd2 Nxd2 12. Nxc6 dxc6 13. Nxe7+ Kh8 14. Qxd2 Qe5+ 15.
Qe2 Qxe2+ 16. Kxe2 Re8 17. Rhe1 Rxe7+ 18. Kf1 Be6 19.
c3 Rae8 20. Rad1 Bf6 21. Bxe6 Rxe6 22. Rxe6 Rxe6 23. Rd7 Re7 24. Rd8+ Kg7 25. Ra8 a6 26. g3 Rd7 27. Ke2 Be7 28. f4 Rd8 29. Rxd8 Bxd8 30. b4 Kf6 31. Kf3 Ke6 32. Ke4 b5 33. h3 Bf6 34. Kd3 Kd5 0-1

[Event "Early-Titled-Tuesday-Blitz-June-18-2024"]
[Site "Chess.com"]
[Date "2024.06.18"]
[Round "6"]
[White "Zhani-Z"]
[Black "Abund"]
[Result "1-0"]
[WhiteElo "2447"]
[BlackElo "2721"]
[TimeControl "180+1"]
[EndTime "9:06:37 PDT"]
[Termination "Zhani-Z won by resignation"]

1. e4 c6 2. d4 d5 3. exd5 cxd5 4. Bd3 Nc6 5. c3 Nf6 6. h3 e5 7. dxe5 Nxe5 8. Nf3 Nxd3+ 9. Qxd3 Bd6 10. O-O O-O 11. Bg5 h6 12. Bh4 g5 13. Bg3 Nh5 14. Bxd6 Qxd6 15.
Nd4 Nf4 16. Qf3 Re8 17. Nd2 Bd7 18. Rfe1 a6 19. Nf1 f6 20. Ng3 Re5 21. Nh5 Rae8 22. Re3 Rxe3 23. fxe3 Nxh5 24. Qxh5 Kg7 25. Qxe8 Bxe8 26.
Nf5+ Kf8 27. Nxd6 Bc6 28. Rf1 Ke7 29. Nf5+ 1-0

[Event "Early-Titled-Tuesday-Blitz-June-18-2024"]
[Site "Chess.com"]
[Date "2024.06.18"]
[Round "6"]
[White "N_Mullodzhanov"]
[Black "ilqar_74"]
[Result "0-1"]
[WhiteElo "2558"]
[BlackElo "2836"]
[TimeControl "180+1"]
[EndTime "9:06:37 PDT"]
[Termination "ilqar_74 won by checkmate"]

1. e4 c5 2. c3 Nf6 3. e5 Nd5 4.
Nf3 d6 5. exd6 e6 6. g3 Nc6 7.
Bg2 Bxd6 8. O-O O-O 9. d4 cxd4 10. Nxd4 Bd7 11. c4 Nf6 12. Bg5 Bc5 13. Bxf6 gxf6 14.
Nxc6 Bxc6 15. Qg4+ Kh8 16. Bxc6 bxc6 17. Nc3 f5 18. Qf3 Qc7 19. Rad1 Rad8 20. a3 Bd4 21. b4 a5 22. Rd2 axb4 23. axb4 Bf6 24. Rfd1 Rxd2 25. Rxd2 Rd8 26. Rxd8+ Qxd8 27. Ne2 Qb6 28. c5 Qxb4 29. Qxc6 Qe1+ 30. Kg2 Qxe2 31. Qc8+ Kg7 32.
c6 Bd4 33. c7 Qxf2+ 34. Kh3 Qf1+ 35. Kh4 Bf6+ 36. Kh5 Qh3# 0-1

[Event "Early-Titled-Tuesday-Blitz-June-18-2024"]
[Site "Chess.com"]
[Date "2024.06.18"]
[Round "6"]
[White "jeetjain"]
[Black "GM-2024-GM"]
[Result "0-1"]
[WhiteElo "2573"]
[BlackElo "2345"]
[TimeControl "180+1"]
[EndTime "9:06:37 PDT"]
[Termination "GM-2024-GM won by resignation"]

1. Nf3 d5 2. e3 e6 3. c4 Nf6 4.
Nc3 Be7 5. b3 O-O 6. Bb2 Nbd7 7.
Be2 b6 8. Qc2 Bb7 9. g4 c5 10.
g5 Ne4 11. h4 f5 12. gxf6 Bxf6 13. Ng5 h6 14. Nxe6 Qe7 15. Nxf8 Rxf8 16. Nxe4 dxe4 17. O-O-O Ne5 18. d4 exd3 19. Bxd3 Nxd3+ 20. Qxd3 Bxb2+ 21. Kxb2 Rxf2+ 22. Kb1 Qe5 23. Qd8+ Kh7 24. Rd2 Be4+ 0-1

[Event "Early-Titled-Tuesday-Blitz-June-18-2024"]
[Site "Chess.com"]
[Date "2024.06.18"]
[Round "6"]
[White "Laico"]
[Black "Viktor_Poddubnyi"]
[Result "1-0"]
[WhiteElo "2440"]
[BlackElo "2315"]
[TimeControl "180+1"]
[EndTime "9:06:38 PDT"]
[Termination "Laico won on time"]

1. e4 g6 2. Nc3 Bg7 3. f4 c5 4. Nf3 Nc6 5. Bb5 Nd4 6. O-O Nxb5 7. Nxb5 d6 8. d3 Nf6 9. Nc3 O-O 10. Qe1 e6 11. f5 exf5 12. Qh4 fxe4 13. dxe4 Ng4 14. Bg5 Qb6 15. Nd5 Qxb2 16. h3 Ne5 17. Nf6+ Bxf6 18. Bxf6 1-0

[Event "Early-Titled-Tuesday-Blitz-June-18-2024"]
[Site "Chess.com"]
[Date "2024.06.18"]
[Round "6"]
[White "Revan_2002"]
[Black "OparinGrigoriy"]
[Result "1-0"]
[WhiteElo "2747"]
[BlackElo "3038"]
[TimeControl "180+1"]
[EndTime "9:06:43 PDT"]
[Termination "Revan_2002 won by resignation"]

1. d4 Nf6 2. c4 e6 3. Nf3 b6 4.
a3 Bb7 5. Nc3 Ne4 6. Nxe4 Bxe4 7.
g3 Be7 8. Bg2 O-O 9. O-O d5 10.
cxd5 Qxd5 11. Bf4 Nd7 12. Rc1 c5 13. dxc5 Nxc5 14. Qxd5 Bxd5 15. Nd2 Rfd8 16. b4 Na4 17. e4 Bb7 18. Rc7 Bd6 19. Bxd6 Rxd6 20. Nc4 Rc6 21. Rxb7 Rxc4 22. Rd1 a5 23. Rdd7 Rf8 24. Rbc7 Rc3 25. Bf1 axb4 26. axb4 Rb3 27. Bc4 Rxb4 28. Rxf7 Rxf7 29.
Rc8+ 1-0

[Event "Early-Titled-Tuesday-Blitz-June-18-2024"]
[Site "Chess.com"]
[Date "2024.06.18"]
[Round "6"]
[White "Aradhya2000"]
[Black "TitarovVasiliYouTube"]
[Result "1-0"]
[WhiteElo "2815"]
[BlackElo "2594"]
[TimeControl "180+1"]
[EndTime "9:06:43 PDT"]
[Termination "Aradhya2000 won by resignation"]

1. d4 Nf6 2. Nf3 d6 3. Nc3 Bf5 4. d5 c6 5. Nd4 Bd7 6. e4 e5 7. dxe6 fxe6 8. e5 dxe5 9. Nf3 e4 10.
Ng5 Qa5 11. Bc4 Bb4 12. O-O Bxc3 13. bxc3 Qxc3 14. Qd6 Qxc4 15. Ba3 Nd5 16. Rfd1 Kd8 17. Nf7+ Kc8 18. Nxh8 Na6 19. Qf8+ Kc7 20. Bd6+ Kb6 21.
Qxa8 Nc3 22. Qd8+ Kb5 23. a4+ Nxa4 24. Rdb1+ Nb4 25. Rxb4+ Qxb4 26. Bxb4 Kxb4 27. Qxd7 1-0

[Event "Early-Titled-Tuesday-Blitz-June-18-2024"]
[Site "Chess.com"]
[Date "2024.06.18"]
[Round "6"]
[White "cycygogne"]
[Black "JAN2404"]
[Result "1-0"]
[WhiteElo "2219"]
[BlackElo "2046"]
[TimeControl "180+1"]
[EndTime "9:06:46 PDT"]
[Termination "cycygogne won by resignation"]

1. e4 c5 2. Nf3 d6 3. d4 cxd4 4. Nxd4 Nf6 5. Nc3 Nc6 6. Be3 Ng4 7. Bb5 Nxe3 8. fxe3 Bd7 9. O-O e6 10. Bxc6 bxc6 11.
e5 dxe5 12. Qh5 Qc8 13. Qxf7+ Kd8 14. Nb3 Kc7 15. Rad1 Bd6 16. Ne4 Rf8 17. Qxg7 Rxf1+ 18. Rxf1 Qg8 19. Rf7 Qxg7 20. Rxg7 h6 21. Nbc5 1-0

[Event "Early-Titled-Tuesday-Blitz-June-18-2024"]
[Site "Chess.com"]
[Date "2024.06.18"]
[Round "6"]
[White "ReadySkate"]
[Black "annasargsyan_m"]
[Result "0-1"]
[WhiteElo "2806"]
[BlackElo "2619"]
[TimeControl "180+1"]
[EndTime "9:06:49 PDT"]
[Termination "annasargsyan_m won by checkmate"]

1. d4 d5 2. c4 c6 3. Nc3 Nf6 4. Nf3 dxc4 5. a4 Bf5 6. Ne5 Nbd7 7. Nxc4 Qc7 8. g3 e5 9. dxe5 Nxe5 10. Bf4 Nfd7 11. Bg2 g5 12. Ne3 gxf4 13. Nxf5 O-O-O 14. Qc2 Nc5 15. O-O fxg3 16. hxg3 a5 17. Ne4 Ne6 18.
Rac1 h5 19. Qc3 Bb4 20. Qb3 Ng4 21. Bh3 Rdg8 22. Bxg4 Rxg4 23. Qf3 Qe5 24. Rfd1 Qxe4 25. Qxe4 Rxe4 26. e3 Re5 27. Nh4 Rd8 28. Rxd8+ Kxd8 29. Kf1 Rc5 30. Rd1+ Rd5 31. Rc1 Rd2 32. b3 Ng5 33. Rc4 Nh3 34. f4 Rf2# 0-1

[Event "Early-Titled-Tuesday-Blitz-June-18-2024"]
[Site "Chess.com"]
[Date "2024.06.18"]
[Round "6"]
[White "GAusal"]
[Black "JoliyRoger"]
[Result "1-0"]
[WhiteElo "2218"]
[BlackElo "2437"]
[TimeControl "180+1"]
[EndTime "9:06:49 PDT"]
[Termination "GAusal won by resignation"]

1. d4 Nf6 2. Nf3 e6 3. Bf4 c5 4.
e3 d5 5. c3 Bd6 6. Ne5 Qc7 7.
Nd2 Nc6 8. Ndf3 O-O 9. Bd3 Ne4 10. Rc1 f6 11. Nxc6 Bxf4 12. exf4 bxc6 13. g3 a5 14. O-O Ba6 15. Bxa6 Rxa6 16. Qe2 Rb6 17.
b3 a4 18. dxc5 Nxc5 19. b4 Ne4 20. Nd4 e5 21. Ne6 Qd6 22. Nxf8 Kxf8 23. fxe5 fxe5 24. f4 Kg8 25. fxe5 Qxe5 26. c4 Rxb4 27. cxd5 Qxd5 28.
Rcd1 Rd4 29. Rxd4 Qxd4+ 30. Kg2 h6 31. Rf4 1-0

[Event "Early-Titled-Tuesday-Blitz-June-18-2024"]
[Site "Chess.com"]
[Date "2024.06.18"]
[Round "6"]
[White "NovakRatko"]
[Black "mfschulz"]
[Result "1-0"]
[WhiteElo "2424"]
[BlackElo "2233"]
[TimeControl "180+1"]
[EndTime "9:06:53 PDT"]
[Termination "NovakRatko won by resignation"]

1. d4 Nf6 2. c4 c5 3. dxc5 Na6 4.
Be3 e6 5. a3 Bxc5 6. Bxc5 Nxc5 7. b4 Nce4 8. f3 Qb6 9. fxe4 Nxe4 10. c5 Qc7 11. Qd4 d5 12. Qxg7 Rf8 13. Nc3 Qf4 14. Nxe4 dxe4 15. Qg3 Qf6 16. Rc1 Bd7 17. Qc3 Qh4+ 18. g3 Qh6 19. e3 O-O-O 20. Bg2 f5 21. Ne2 Bb5 22. Nd4 Bd3 23. Kd2 e5 24. Nb5 Bxb5+ 25.
Kc2 Qxe3 26. Qxe3 Bd3+ 27. Kb2 f4 28. gxf4 exf4 29. Qh3+ Kb8 30. Rhd1 f3 31. Bf1 Bxf1 32. Rxf1 Rd2+ 33. Kc3 Ra2 34. Kb3 Re2 35. Qd7 Rc8 36.
c6 1-0

[Event "Early-Titled-Tuesday-Blitz-June-18-2024"]
[Site "Chess.com"]
[Date "2024.06.18"]
[Round "6"]
[White "maurovargas01"]
[Black "Resignify"]
[Result "0-1"]
[WhiteElo "1940"]
[BlackElo "2307"]
[TimeControl "180+1"]
[EndTime "9:06:54 PDT"]
[Termination "Resignify won by resignation"]

1. e4 d6 2. Nc3 Nf6 3. f4 g6 4.
Nf3 Bg7 5. Bb5+ c6 6. Ba4 b5 7.
Bb3 b4 8. Bxf7+ Kxf7 9. Ng5+ Kg8 10. Ne2 h6 11. e5 hxg5 12. fxg5 Ng4 13. Ng3 Bxe5 14.
Ne4 d5 15. Nc5 Bxh2 16. d4 Bg3+ 17. Ke2 Rxh1 18. Qxh1 Qf8 19. Nd3 Ba6 20. Be3 Bxd3+ 21. Kxd3 Nxe3 22. Qb1 Qf5+ 0-1

[Event "Early-Titled-Tuesday-Blitz-June-18-2024"]
[Site "Chess.com"]
[Date "2024.06.18"]
[Round "6"]
[White "ClauAmura"]
[Black "bazar-wokzal"]
[Result "0-1"]
[WhiteElo "2383"]
[BlackElo "2583"]
[TimeControl "180+1"]
[EndTime "9:06:56 PDT"]
[Termination "bazar-wokzal won by resignation"]

1. d4 Nf6 2. c4 Nc6 3. Nc3 e5 4. d5 Ne7 5. g3 Ng6 6. Bg2 Bc5 7. Nf3 a5 8. Ng5 d6 9. O-O O-O 10. Nge4 Nxe4 11. Nxe4 Bb6 12. c5 dxc5 13. Nd2 Bd7 14. Nc4 Bb5 15. Qc2 Ne7 16. Rd1 Bxc4 17. Qxc4 Nc8 18. Be3 Nd6 19. Qc3 c4 20. Bxb6 cxb6 21. Qxe5 Re8 22. Qh5 Qf6 23. Rd2 b5 24. e3 b4 25. Rd4 b5 26. Rad1 a4 27. a3 b3 28.
e4 b4 29. f4 bxa3 30. e5 Qf5 31. bxa3 Qxh5 0-1

[Event "Early-Titled-Tuesday-Blitz-June-18-2024"]
[Site "Chess.com"]
[Date "2024.06.18"]
[Round "6"]
[White "SocoLoco"]
[Black "Defenstrator"]
[Result "0-1"]
[WhiteElo "2180"]
[BlackElo "2383"]
[TimeControl "180+1"]
[EndTime "9:06:57 PDT"]
[Termination "Defenstrator won by checkmate"]

1. e4 f5 2. exf5 Nf6 3. g4 e5 4.
Bg2 d5 5. d3 h5 6. h3 hxg4 7.
hxg4 Rxh1 8. Bxh1 Bc5 9. c3 Ne4 10. Bxe4 dxe4 11. Qa4+ Nc6 12. Qxe4 Qh4 13. Be3 Bxe3 14.
Qxe3 Qxg4 15. Nf3 Bxf5 16. Nbd2 O-O-O 17. O-O-O Rxd3 18. Qe1 Qa4 19. Nxe5 Rxc3+ 20. bxc3 Qc2# 0-1

[Event "Early-Titled-Tuesday-Blitz-June-18-2024"]
[Site "Chess.com"]
[Date "2024.06.18"]
[Round "6"]
[White "Masterisback04"]
[Black "MasterofMasters2006"]
[Result "0-1"]
[WhiteElo "2105"]
[BlackElo "2247"]
[TimeControl "180+1"]
[EndTime "9:07:01 PDT"]
[Termination "MasterofMasters2006 won on time"]

1. e4 e5 2. f4 d5 3. Nf3 exf4 4. exd5 Nf6 5. c4 c6 6. d4 cxd5 7. Bxf4 Nc6 8. Nc3 Bb4 9. Bd3 O-O 10. O-O Bg4 11. Bg5 Bxc3 12. bxc3 dxc4 13. Bxc4 h6 14.
Bh4 Qd6 15. Qd3 Nd5 16. Bg3 Qd7 17. Bb5 Bxf3 18. Qxf3 a6 19. Bc4 Rad8 20. Rae1 Na5 21. Be2 b5 22. Bd1 Rc8 23. Qh5 Rxc3 24. Re5 Ne3 0-1

[Event "Early-Titled-Tuesday-Blitz-June-18-2024"]
[Site "Chess.com"]
[Date "2024.06.18"]
[Round "6"]
[White "LileKoridze"]
[Black "Iball95"]
[Result "0-1"]
[WhiteElo "2432"]
[BlackElo "2818"]
[TimeControl "180+1"]
[EndTime "9:07:02 PDT"]
[Termination "Iball95 won by resignation"]

1. d4 d5 2. c4 e6 3. Nf3 Nf6 4. g3 c5 5. cxd5 cxd4 6. Nxd4 Qxd5 7. Nf3 Qxd1+ 8. Kxd1 Nc6 9. Bg2 e5 10. Nc3 Bf5 11. a3 O-O-O+ 12. Ke1 h6 13. Be3 Ng4 14. Bd2 Bc5 15. e3 Kb8 16. h3 Nf6 17. b4 Bd6 18. Rc1 e4 19. Ng1 Ne5 20. Kf1 Nd3 21. Rc2 Be5 22.
Nge2 Rd7 23. Nf4 Rhd8 24. Nxd3 exd3 25. Rc1 Rc8 26. f4 Bxc3 27. Rxc3 Be4 28. Rxc8+ Kxc8 29. Kf2 Rc7 30. Rc1 Rxc1 31. Bxc1 Bxg2 32. Kxg2 Ne4 0-1

[Event "Early-Titled-Tuesday-Blitz-June-18-2024"]
[Site "Chess.com"]
[Date "2024.06.18"]
[Round "6"]
[White "JiaHaoxiang"]
[Black "amylazy"]
[Result "0-1"]
[WhiteElo "2632"]
[BlackElo "2489"]
[TimeControl "180+1"]
[EndTime "9:07:09 PDT"]
[Termination "amylazy won by resignation"]

1. e4 c5 2. d4 cxd4 3. c3 Nf6 4. e5 Nd5 5. Qxd4 e6 6. Nf3 Nc6 7. Qe4 d6 8. Bc4 dxe5 9. Nxe5 Bd6 10. Nxc6 bxc6 11. O-O O-O 12. Nd2 f5 13. Qf3 Bd7 14. Bb3 Bc7 15. Re1 Qf6 16. Nf1 Rae8 17. Ng3 Kh8 18. Nh5 Qg6 19. Nf4 Nxf4 20. Bxf4 e5 21. Rad1 exf4 22. Rxe8 Bxe8 23. h3 h6 24. Re1 Bf7 25. c4 Bd6 26. Qd3 Bc5 27. Bc2 Qg3 28. Qe2 Bxc4 29. Qf3 Bd5 0-1

[Event "Early-Titled-Tuesday-Blitz-June-18-2024"]
[Site "Chess.com"]
[Date "2024.06.18"]
[Round "6"]
[White "milovichalex"]
[Black "SoCalJuniorChess"]
[Result "1-0"]
[WhiteElo "2404"]
[BlackElo "2214"]
[TimeControl "180+1"]
[EndTime "9:07:10 PDT"]
[Termination "milovichalex won by resignation"]

1. e4 d5 2. exd5 Qxd5 3. Nc3 Qd8 4. d4 Nf6 5. Bc4 a6 6. Nf3 b5 7. Bb3 e6 8. a3 c5 9. dxc5 Qxd1+ 10.
Nxd1 Bxc5 11. O-O Bb7 12. Ne5 Nbd7 13. Nxd7 Nxd7 14. Be3 O-O 15. c3 Rfd8 16. Re1 Bxe3 17. Nxe3 Nc5 18. Bc2 Be4 19. Bxe4 Nxe4 20. Rad1 Kf8 21.
f3 Nc5 22. Rxd8+ Rxd8 23. Rd1 Rxd1+ 24. Nxd1 Ke7 25. Kf2 Kd6 26. Ke3 Kd5 27. Kd2 Na4 28. Kc2 Nb6 29. b3 e5 30. Kd3 g6 31. Ne3+ Kd6 32.
c4 f5 33. b4 bxc4+ 34. Nxc4+ Nxc4 35. Kxc4 Kc6 36. a4 g5 37. b5+ axb5+ 38. axb5+ Kd6 39. b6 e4 40. fxe4 fxe4 41. Kd4 Kc6 42. Kxe4 Kxb6 43. Kf5 h6 44. Kg6 1-0

[Event "Early-Titled-Tuesday-Blitz-June-18-2024"]
[Site "Chess.com"]
[Date "2024.06.18"]
[Round "6"]
[White "YurasovMat-2012"]
[Black "Iuckyducky"]
[Result "1-0"]
[WhiteElo "2630"]
[BlackElo "2308"]
[TimeControl "180+1"]
[EndTime "9:07:14 PDT"]
[Termination "YurasovMat-2012 won on time"]

1. e4 c5 2. Nf3 Nc6 3. Bb5 e5 4. O-O Bd6 5. c3 a6 6. Bxc6 dxc6 7. d4 exd4 8. cxd4 Bg4 9. e5 Bc7 10. h3 Bxf3 11. Qxf3 cxd4 12. Qg4 Bxe5 13. Re1 Ne7 14.
Rxe5 O-O 15. Nd2 Ng6 16. Rh5 Re8 17. Nf3 Re2 18. Rxh7 d3 19. Bg5 Qb6 20. Rh5 Qxf2+ 21.
Kh1 Rae8 22. Rd1 d2 23. Bxd2 Rd8 24. Kh2 1-0

[Event "Early-Titled-Tuesday-Blitz-June-18-2024"]
[Site "Chess.com"]
[Date "2024.06.18"]
[Round "6"]
[White "topce"]
[Black "monomita"]
[Result "0-1"]
[WhiteElo "2527"]
[BlackElo "2786"]
[TimeControl "180+1"]
[EndTime "9:07:15 PDT"]
[Termination "monomita won by resignation"]

1. c4 e6 2. Nc3 c5 3. e3 Nc6 4. d4 cxd4 5. exd4 d5 6. c5 e5 7.
dxe5 d4 8. Ne4 Bxc5 9. Nxc5 Qa5+ 10. Bd2 Qxc5 11. f4 Nh6 12. Rc1 Qd5 13. Nf3 Qxa2 14. Bc4 Qxb2 15. O-O Qb6 16. Ng5 O-O 17. h3 Nf5 18. Qh5 Nh6 19. g4 d3+ 20. Kh2 Qb2 21. Rf2 Qd4 22. Rc3 Qxf2+ 23. Kh1 Qxd2 24. Bxd3 Qxc3 25. Bxh7+ Kh8 26. Bg6 Qc1+ 27. Kg2 Qd2+ 28. Kg1 Qxf4 29. Bxf7 Rxf7 30. Qg6 Qg3+ 0-1

[Event "Early-Titled-Tuesday-Blitz-June-18-2024"]
[Site "Chess.com"]
[Date "2024.06.18"]
[Round "6"]
[White "Chaubunagungamaug1"]
[Black "djano"]
[Result "0-1"]
[WhiteElo "2479"]
[BlackElo "2646"]
[TimeControl "180+1"]
[EndTime "9:07:15 PDT"]
[Termination "djano won by resignation"]

1. d4 d6 2. Nf3 Nf6 3. c4 g6 4. Nc3 Bf5 5. Bg5 Bg7 6. e3 O-O 7. Bd3 Bxd3 8. Qxd3 c5 9. O-O cxd4 10. Nxd4 Nc6 11.
Rfd1 Rc8 12. b3 Qa5 13. Bxf6 Bxf6 14. Nd5 Bg5 15. f4 Nxd4 16. Qxd4 e6 17. fxg5 exd5 18. Qxd5 Rc5 19. Qxd6 Rxg5 20. b4 Qa3 21. Rd3 Qb2 22. g3 Qxa1+ 23. Kg2 Rf5 24. Rd1 Qxa2+ 25. Rd2 Qa1 26. Rd1 Qe5 27. Qd3 Re8 0-1

[Event "Early-Titled-Tuesday-Blitz-June-18-2024"]
[Site "Chess.com"]
[Date "2024.06.18"]
[Round "6"]
[White "TigrVShlyape"]
[Black "AlexeiShirov"]
[Result "1-0"]
[WhiteElo "3000"]
[BlackElo "2878"]
[TimeControl "180+1"]
[EndTime "9:07:17 PDT"]
[Termination "TigrVShlyape won by resignation"]

1. d4 d5 2. Bf4 Nf6 3. e3 c5 4. c3 Nc6 5. Nd2 Qb6 6. Qb3 c4 7. Qc2 g6 8. e4 Nxe4 9. Nxe4 Bf5 10. f3 e5 11. Nf6+ Kd8 12. Bg5 Bxc2 13. Nxd5+ Ke8 14. Nxb6 axb6 15. Bxc4 exd4 16. Bf6 Rg8 17. Ne2 d3 18.
Nf4 Be7 19. Nd5 Kf8 20. Nxe7 Nxe7 21. Kd2 Nc6 22. h4 Na5 23. Bxd3 Bb3 24. Rhe1 Be6 25. Kc2 h6 26. b3 g5 27. hxg5 hxg5 28. Bh7 1-0